 Dungeon Crawl Stone Soup version 0.31.0-11-ge490571c62 (webtiles) character file.

Game seed: 7150643774799946078

328158 Strat the Slayer (level 20, -26/232 (300) HPs)
             Began as a Minotaur Berserker on Jan 28, 2024.
             Was the Champion of Trog.
             Killed from afar by a shadow dragon (51 damage)
             ... with a bolt of negative energy
             ... on level 5 of the Vaults.
             The game lasted 01:25:43 (52039 turns).

Strat the Slayer (Minotaur Berserker)              Turns: 52039, Time: 01:25:44

HP:   -26/232 (300) AC: 31    Str: 28    XL:     20   Next: 80%
MP:   19/19         EV: 12    Int:  4    God:    Trog [******]
Gold: 2480          SH: 15    Dex: 13    Spells: 19/19 levels left

rFire   + . .        b - +5 broad axe (elec)
rCold   . . .        Y - +2 kite shield {reflect}
rNeg    . . .        I - +3 plate armour {Will+}
rPois   +            (helmet restricted)
rElec   .            t - +0 cloak
rCorr   .            W - +2 pair of gloves
SInv    .            k - +2 pair of boots
Will    ++...        o - amulet of faith Stlth
                     g - ring of poison resistance
HPRegen 0.58/turn    E - ring of protection from fire
MPRegen 0.16/turn

%: reflection, faith
@: berserking, hasted, heavily drained, very quick
A: horns 2, retaliatory headbutt
}: 2/15 runes: decaying, serpentine
a: Renounce Religion, Berserk, Trog's Hand, Brothers in Arms


You were on level 5 of the Vaults.
You worshipped Trog.
Trog was exalted by your worship.
You visited 7 branches of the dungeon, and saw 36 of its levels.
You also visited: Bailey.

You collected 3190 gold pieces.
You spent 710 gold pieces at shops.

Inventory:

Hand Weapons
 a - a +4 antimagic battleaxe
 b - a +5 broad axe of electrocution (weapon)
 h - the +3 battleaxe of Buczoed {flame, rPois Dex+3}
   (Trog gifted it to you on level 2 of the Lair of Beasts)

   Dex+3:     It affects your dexterity (+3).
   rPois:     It protects you from poison
Missiles
 i - 4 throwing nets
 w - 2 atropa-tipped darts
 G - 26 boomerangs (quivered)
 O - 3 silver javelins
Armour
 k - a +2 pair of boots (worn)
 t - a +0 cloak (worn)
 I - a +3 plate armour of willpower (worn)
 W - a +2 pair of gloves (worn)
 Y - a +2 kite shield of reflection (worn)
Jewellery
 g - a ring of poison resistance (left hand)
 o - an amulet of faith (around neck)
 A - a ring of protection from cold
 E - a ring of protection from fire (right hand)
 J - a ring of positive energy
 N - the ring of Heresy {AC+4 Int+3}
   (You found it on level 13 of the Dungeon)

   [ring of protection]

   AC+4:      It affects your AC (+4).
   Int+3:     It affects your intelligence (+3).
 U - a ring of willpower
Wands
 q - a wand of mindburst (23)
 u - a wand of digging (15)
 x - a wand of paralysis (25)
 D - a wand of flame (61)
 F - a wand of polymorph (6)
 Q - a wand of roots (6)
 V - a wand of light (5)
Scrolls
 e - 3 scrolls of enchant armour
 f - 3 scrolls of immolation
 m - 5 scrolls of revelation
 r - 2 scrolls of blinking
 s - 9 scrolls of identify
 y - 10 scrolls of silence
 P - 5 scrolls of enchant weapon
 S - 4 scrolls of fog
Potions
 d - 3 potions of might
 j - 7 potions of curing
 n - 2 potions of haste
 v - 4 potions of mutation
 z - a potion of resistance
 B - 2 potions of ambrosia
 C - 2 potions of magic
 L - 3 potions of enlightenment
 R - 2 potions of lignification
 T - a potion of cancellation
 Z - a potion of berserk rage
Miscellaneous
 l - a box of beasts
 K - a phantom mirror


   Skills:
 + Level 21.9 Fighting
 - Level 20.0 Axes
 + Level 15.7 Throwing
 + Level 18.7 Armour
 - Level 10.0 Dodging
 - Level 15.0 Shields
 + Level 12.5 Evocations


You had 19 spell levels left.
You didn't know any spells.
Your spell library was empty.

Dungeon Overview and Level Annotations

Branches:
Dungeon (15/15)            Temple (1/1) D:6            Lair (5/5) D:9
  Swamp (4/4) Lair:3        Snake (4/4) Lair:2        Slime (0/5) Lair:4
    Orc (2/2) D:10            Elf (0/3) Orc:2        Vaults (5/5) D:13
  Crypt (0/3) Vaults:2     Depths (0/4) D:15         Bailey (visited)

Altars:
Ashenzari
Cheibriados
Dithmenos
Elyvilon
Fedhas
Gozag
Hepliaklqana
Kikubaaqudgha
Makhleb
Nemelex Xobeh
Okawaru
Qazlal
Ru
Sif Muna
Trog
Uskayaw
Vehumet
Wu Jian
Xom
Yredelemnul
Zin
The Shining One

Shops:
D:8 =   D:11 :   Orc:1 :   Orc:2 ([*!

Portals:
Trove: D:13 (give +5 demon whip)

Annotations:
D:6 3 runed translucent doors, stipulation's ghost, novice VSNe
Lair:2 1 runed translucent door, Wiabosch's ghost, journeyman DEFE
Lair:5 exclusion: oklob plant
Swamp:3 Jorgrun; Louise
Snake:1 3 runed translucent doors


Innate Abilities, Weirdness & Mutations

You have a pair of horns on your head.
You reflexively headbutt those who attack you in melee.


Message History

* * * LOW HITPOINT WARNING * * *
The shadow dragon claws you.
* * * LOW HITPOINT WARNING * * *
The shadow dragon claws you but does no damage.
You hit the shadow dragon. Your headbutt misses the shadow dragon.
The shadow dragon is moderately wounded.
You slice the vault guard!! You slice the shadow dragon!!
Lightning courses through the shadow dragon!
You headbutt the shadow dragon.
The shadow dragon is severely wounded.
You hit the vault guard.
The shadow dragon breathes negative energy at you.
The bolt of negative energy hits you!!
You feel drained.
* * * LOW HITPOINT WARNING * * *
You block the vault guard's attack.
You closely miss the shadow dragon.
The shadow dragon is severely wounded.
You barely miss the vault guard.
The shadow dragon bites you but does no damage.
You block the shadow dragon's attack. x2; The vault guard goes berserk!
You block the vault guard's attack.
You carve the shadow dragon like a ham!!!
Your headbutt misses the shadow dragon.
The shadow dragon is almost dead.
You barely miss the vault guard.
You hear a shout! x2
You barely miss the shadow dragon.
You headbutt the shadow dragon, but do no damage.
The shadow dragon is almost dead.
You hit the vault guard but do no damage.
Lightning courses through the vault guard!!
You block the vault guard's attack.
You hit the vault guard.
The vault guard is heavily wounded.
You closely miss the shadow dragon.
A vault warden comes into view.
It is wielding the +3 eveningstar of Zinetzie {heavy, rN+ Will+}.
The shadow dragon breathes negative energy at you.
The bolt of negative energy hits you!!!
You feel drained.
You die...

####....#
.....p..#
.......)#
........#
........#
####..).#
+......#
###.#Dp#
#'#@.# #
ยง #..# [
.. #..# .
.. #..# o
. #..# .
o.. #..#
Q###'.p..
#..#
#[Do#
#..#
#ph.#


You could see a shadow dragon (catching breath), a vault warden and a vault
guard (berserk).

Vanquished Creatures
  Mara (Swamp:3)
  the Lernaean hydra (Swamp:4)
  A quicksilver dragon (Vaults:5)
  2 sphinxes (Vaults:4)
  2 thorn hunters (Swamp:4)
  Donald (Swamp:4)
  11 nagarajas (Snake:4)
  A fenstrider witch (Swamp:1)
  A fire giant (Vaults:5)
  15 vault wardens
  4 formless jellyfish
  14 ironbound preservers
  3 orc warlords
  Nessos (D:15)
  8 ironbound thunderhulks
  2 eleionomae
  4 dire elephants
  2 war gargoyles
  A deep elf annihilator (Vaults:5)
  3 bunyips
  A fire dragon (Lair:5)
  3 ettins
  Josephine (D:15)
  A crystal guardian (Vaults:3)
  A deep elf high priest (Vaults:5)
  An entropy weaver (Snake:4)
  11 yaktaur captains
  A rakshasa (D:14)
  3 great orbs of eyes
  2 peacekeepers
  6 two-headed ogres
  An ogre mage (Vaults:3)
  2 ghost crabs
  34 vault guards
  17 centaur warriors
  18 hydras
  12 anacondas
  6 alligators
  8 boulder beetles
  A death knight (D:14)
  9 ironbound frosthearts
  8 naga warriors
  3 orc high priests (Orc:2)
  3 death yaks (Lair:5)
  5 tengu warriors
  A vampire mage (D:15)
  A shock serpent (shapeshifter) (Vaults:2)
  12 naga sharpshooters
  5 shock serpents
  A storm dragon zombie (D:15)
  A skyshark (Lair:3)
  3 skeletal warriors (D:15)
  A salamander mystic (Snake:4)
  A spark wasp zombie (D:15)
  9 mana vipers
  48 deep trolls
  7 goliath frogs
  13 swamp dragons
  12 arcanists
  7 spriggan druids
  7 bog bodies
  9 sea snakes (Snake:4)
  10 orc knights
  14 lindwurms
  5 naga ritualists
  21 ironbound convokers
  Pikel (D:4)
  4 deep elf pyromancers
  4 harpies (Vaults:2)
  2 necromancers
  5 cyclopes
  4 will-o-the-wisps
  A wolf spider (shapeshifter) (Vaults:2)
  23 ugly things
  A wolf spider (Lair:2)
  5 orc sorcerers
  A manticore (shapeshifter) (Vaults:4)
  4 manticores
  6 elephants (Lair:5)
  A meliai (shapeshifter) (Vaults:1)
  16 naga magi
  3 kobold blastminers (Orc:2)
  6 guardian serpents
  6 salamanders
  33 black mambas
  15 vault sentinels
  3 gargoyles
  A torpor snail (Lair:2)
  11 cane toads
  2 molten gargoyles (Lair:5)
  Maggie (D:8)
  An unseen horror (D:12)
  2 rime drakes
  An efreet (D:14)
  A kobold demonologist (D:9)
  14 komodo dragons
  A tengu conjurer (D:13)
  24 yaktaurs
  9 trolls
  3 hornets (Swamp:1)
  2 polar bears
  A merfolk (D:10)
  A bloated husk (Swamp:4)
  Prince Ribbit (D:5)
  17 tyrant leeches
  24 blink frogs
  A raiju (shapeshifter) (D:14)
  31 slime creatures
  A shadow (D:12)
  A vampire (D:12)
  A water elemental (D:14)
  4 wraiths
  62 yaks
  4 spriggans (Swamp:1)
  10 wyverns
  5 basilisks
  3 steam dragons
  3 vampire mosquitoes
  19 swamp worms
  42 nagas
  12 water moccasins
  4 acid dragons
  3 hell hounds (Lair:5)
  5 swamp drakes (Swamp:4)
  21 orc warriors
  3 black bears
  A sky beast (D:8)
  A sky beast (shapeshifter) (Vaults:3)
  2 laughing skulls (D:15)
  10 ogres
  13 centaurs
  20 wolves
  4 lemures (D:4)
  A phantom (D:6)
  3 kobold brigands
  7 bullfrogs
  A necrophage (D:10)
  A gnoll sergeant (D:12)
  9 wights
  12 killer bees
  3 electric eels
  7 howler monkeys
  5 lava snakes (Lair:5)
  A crimson imp (D:10)
  3 jellies
  18 orc priests
  5 bombardier beetles
  Crazy Yiuf (D:7)
  2 sleepcaps
  6 iguanas
  Terence (D:2)
  15 orc wizards
  10 hell rats
  Robin (D:2)
  12 adders
  10 gnolls
  2 white imps
  2 ribbon worms (D:3)
  4 dart slugs
  57 orcs
  9 endoplasms
  15 goblins
  9 hobgoblins
  9 jackals
  21 kobolds
  A quokka (D:2)
  5 ball pythons
  3 bats
  A frilled lizard (D:2)
  6 rats
1249 creatures vanquished.

Vanquished Creatures (collateral kills)
  An ironbound preserver (Vaults:2)
  A goliath frog (Swamp:3)
  A spriggan druid (Swamp:3)
  An orc knight (Orc:2)
  A swamp worm (Swamp:3)
5 creatures vanquished.

Vanquished Creatures (others)
  An alligator (Swamp:3)
  A spriggan (Swamp:2)
  2 bloated husks
  A hornet (Swamp:2)
  An orc priest (Orc:2)
  An orc (D:8)
  14 foxfires
21 creatures vanquished.

Grand Total: 1275 creatures vanquished

Notes
Turn   | Place    | Note
-------+----------+-------------------------------------------
     0 | D:1      | Strat the Minotaur Berserker began the quest for the Orb.
     0 | D:1      | Reached XP level 1. HP: 19/19 MP: 0/0
   108 | D:1      | Reached XP level 2. HP: 23/27 MP: 1/1
   481 | D:2      | Reached skill level 4 in Fighting
   540 | D:2      | Reached XP level 3. HP: 33/33 MP: 2/2
   564 | D:2      | Reached ** piety under Trog
   660 | D:2      | Noticed Terence
   671 | D:2      | Killed Terence
   672 | D:2      | Reached skill level 5 in Axes
   672 | D:2      | Reached XP level 4. HP: 10/41 MP: 3/3
  1000 | D:2      | Reached XP level 5. HP: 46/47 MP: 4/4
  1006 | D:2      | Noticed Robin
  1016 | D:2      | Killed Robin
  1624 | D:3      | Reached skill level 5 in Fighting
  2103 | D:4      | Reached *** piety under Trog
  2140 | D:4      | Reached XP level 6. HP: 56/56 MP: 5/5
  2236 | D:4      | Noticed Pikel
  2265 | D:4      | Killed Pikel
  2266 | D:4      | Reached skill level 6 in Fighting
  2266 | D:4      | Reached skill level 5 in Armour
  2266 | D:4      | Reached XP level 7. HP: 63/63 MP: 6/6
  2674 | D:5      | Entered Level 5 of the Dungeon
  2944 | D:5      | Reached XP level 8. HP: 46/71 MP: 7/7
  3063 | D:5      | Noticed Prince Ribbit
  3082 | D:5      | Killed Prince Ribbit
  3083 | D:5      | Reached skill level 7 in Fighting
  3412 | D:5      | Reached skill level 10 in Axes
  3815 | D:6      | Reached **** piety under Trog
  3966 | D:6      | Found a staircase to the Ecumenical Temple.
  4041 | D:6      | Reached XP level 9. HP: 81/81 MP: 8/8
  4048 | D:6      | Reached skill level 8 in Fighting
  4094 | D:6      | Found a runed translucent gate.
  4094 | D:6      | Found a runed translucent gate.
  4094 | D:6      | Found a runed translucent gate.
  4097 | D:6      | Noticed stipulation's ghost (novice VSNe)
  4097 | D:6      | Identified the +0 chain mail of Objectivity {rElec Will+
                  | SInv}
  4347 | D:6      | Identified the +1 scale mail "Hitzeff" {Str+6 SInv Stlth-}
  4584 | Temple   | Entered the Ecumenical Temple
  5164 | D:7      | Found a runed translucent door.
  5165 | D:7      | Noticed Crazy Yiuf
  5409 | D:7      | Killed Crazy Yiuf
  5519 | D:8      | Found a flagged portal.
  5531 | Bailey   | Entered a bailey
  5536 | Bailey   | Noticed an orc warlord
  5681 | Bailey   | Found a runed translucent gate.
  5785 | Bailey   | Found a runed translucent gate.
  5787 | Bailey   | Found a runed translucent gate.
  5819 | Bailey   | Killed an orc warlord
  5820 | Bailey   | Reached skill level 9 in Fighting
  5825 | Bailey   | Identified the ring "Puidiu" {rF+ rN+ Str+4 Int-4}
  6055 | D:8      | Found a sparkling altar of Nemelex Xobeh.
  6060 | D:8      | Reached XP level 10. HP: 91/91 MP: 9/9
  6073 | D:8      | Found a shadowy altar of Dithmenos.
  6197 | D:8      | Identified the +5 trident "Qooseuw" {flame, rC+ Will+}
  6370 | D:8      | Noticed a two-headed ogre
  6371 | D:8      | Noticed Maggie
  6440 | D:8      | Found a bloodstained altar of Trog.
  6677 | D:8      | Reached skill level 1 in Evocations
  6682 | D:8      | Reached ***** piety under Trog
  6726 | D:8      | Found Xengef's Jewellery Shop.
  6844 | D:8      | Bought a ring of poison resistance for 280 gold pieces
  6984 | D:8      | Found a snail-covered altar of Cheibriados.
  7093 | D:8      | Killed a two-headed ogre
  7100 | D:8      | Killed Maggie
  7101 | D:8      | Reached skill level 10 in Fighting
  7219 | D:9      | Noticed a smoke demon
  7410 | D:9      | Reached skill level 10 in Armour
  7788 | D:9      | Found a staircase to the Lair.
  8126 | Lair:1   | Entered Level 1 of the Lair of Beasts
  8151 | Lair:1   | Reached XP level 11. HP: 100/101 MP: 10/10
  8531 | Lair:1   | Reached skill level 11 in Fighting
  9097 | Lair:1   | Reached skill level 15 in Axes
  9100 | Lair:1   | Reached ****** piety under Trog
  9837 | Lair:2   | Found a runed translucent door.
  9840 | Lair:2   | Noticed a spriggan rider
  9843 | Lair:2   | Noticed Wiabosch's ghost (journeyman DEFE)
  9846 | Lair:2   | Identified the +4 spear "Vura" {protect, ^Fragile rF+ rC+
                  | Will+}
  9846 | Lair:2   | Noticed a spriggan rider
  9961 | Lair:2   | Found a staircase to the Snake Pit.
 10278 | Lair:2   | Reached skill level 5 in Evocations
 10300 | Lair:2   | Identified the ring "Papunay" {MP+9 Str+3 Int+6 SInv
                  | Stlth-}
 10305 | Lair:2   | Noticed a boulder beetle
 10325 | Lair:2   | Identified the +3 battleaxe of Buczoed {flame, rPois Dex+3}
                  | (Trog gifted it to you on level 2 of the Lair of Beasts)
 10325 | Lair:2   | Received a gift from Trog
 10375 | Lair:2   | Noticed a wolf spider
 10538 | Lair:2   | Killed a wolf spider
 10591 | Lair:2   | Killed a boulder beetle
 10592 | Lair:2   | Reached XP level 12. HP: 50/112 MP: 11/11
 10893 | Lair:2   | Reached skill level 12 in Fighting
 11339 | Lair:3   | Identified the +6 short sword of Yredelemnul's Regard
                  | {flame, rPois rF- Will+++ Dex-4}
 11956 | Lair:3   | You fall into a shaft and drop 1 floor!
 12415 | Lair:4   | Noticed a seven-headed hydra
 12423 | Lair:4   | Killed a five-headed hydra
 12653 | Lair:4   | Found a staircase to the Slime Pits.
 13156 | Lair:5   | Entered Level 5 of the Lair of Beasts
 13156 | Lair:5   | Noticed a seven-headed hydra
 13164 | Lair:5   | Killed a three-headed hydra
 13369 | Lair:5   | Noticed a six-headed hydra
 13382 | Lair:5   | Killed a three-headed hydra
 13566 | Lair:5   | Received a gift from Trog
 13580 | Lair:5   | Reached skill level 13 in Fighting
 13580 | Lair:5   | Reached XP level 13. HP: 122/122 MP: 12/12
 13885 | Lair:5   | Reached skill level 5 in Dodging
 14612 | Lair:5   | Reached XP level 14. HP: 115/129 MP: 13/13
 14807 | Lair:5   | Received a gift from Trog
 15302 | Lair:5   | Found a large runed translucent door.
 15303 | Lair:5   | Found a large runed translucent door.
 16322 | D:10     | Entered Level 10 of the Dungeon
 16529 | D:10     | Found a staircase to the Orcish Mines.
 16923 | Orc:1    | Entered Level 1 of the Orcish Mines
 16932 | Orc:1    | Received a gift from Trog
 17148 | Orc:1    | Found a shimmering blue altar of Sif Muna.
 17206 | Orc:2    | Entered Level 2 of the Orcish Mines
 17302 | Orc:1    | Found Gofideut's Book Shop.
 17310 | Orc:1    | Reached skill level 14 in Fighting
 17791 | Orc:2    | Found a shimmering altar of Xom.
 18283 | Orc:2    | Paralysed by an orc sorcerer for 3 turns
 18510 | Orc:2    | Reached XP level 15. HP: 96/138 MP: 4/14
 18712 | Orc:2    | Paralysed by an orc sorcerer for 5 turns
 18782 | Orc:2    | Found Okou's Distillery.
 18782 | Orc:2    | Found Oklig's Assorted Antiques.
 18784 | Orc:2    | Found Giomiec's Antique Armour Shop.
 18784 | Orc:2    | Found Fuschiyw's Antique Weapon Emporium.
 18795 | Orc:2    | Bought a scroll of teleportation for 75 gold pieces
 18795 | Orc:2    | Bought a scroll labelled RUQIHE ROUR for 25 gold pieces
 18901 | Orc:2    | Bought 2 potions of curing for 90 gold pieces
 18901 | Orc:2    | Bought a potion of curing for 45 gold pieces
 18901 | Orc:2    | Bought a potion of enlightenment for 75 gold pieces
 18901 | Orc:2    | Bought 2 potions of might for 120 gold pieces
 18986 | Orc:2    | Found a staircase to the Elven Halls.
 19419 | D:11     | You fall into a shaft and drop 2 floors!
 19691 | D:13     | Found a gate to the Vaults.
 19884 | D:13     | Received a gift from Trog
 20157 | D:13     | Reached skill level 15 in Fighting
 20610 | D:13     | Identified the ring of Heresy {AC+4 Int+3}
 20770 | D:13     | Found a portal to a secret trove of treasure.
 22386 | D:14     | Received a gift from Trog
 22532 | D:15     | Entered Level 15 of the Dungeon
 22723 | D:15     | Reached skill level 10 in Evocations
 22921 | D:15     | Noticed Josephine
 22932 | D:15     | Killed Josephine
 22969 | D:15     | Reached skill level 10 in Dodging
 23380 | D:15     | Reached skill level 16 in Fighting
 23405 | D:15     | Found a staircase to the Depths.
 23460 | D:15     | Reached XP level 16. HP: 125/151 MP: 11/15
 23915 | D:15     | Noticed Nessos
 23919 | D:15     | Killed Nessos
 23991 | D:15     | Identified the +3 falchion of Puaq {elec, rC+ Str+3}
 24864 | D:12     | Received a gift from Trog
 25375 | D:11     | Found Adghof's Book Shop.
 25847 | Lair:3   | Found the +10 tower shield of Ignorance {rN+ Int-4}
 26229 | Lair:3   | Found a staircase to the Swamp.
 26241 | Swamp:1  | Entered Level 1 of the Swamp
 26257 | Swamp:1  | Paralysed by a hornet for 1 turns
 26512 | Swamp:1  | Reached skill level 17 in Fighting
 27278 | Swamp:1  | Reached skill level 10 in Throwing
 27574 | Swamp:1  | Received a gift from Trog
 27644 | Swamp:1  | Paralysed by a fenstrider witch for 5 turns
 30018 | Swamp:3  | Noticed Louise
 30018 | Swamp:3  | Noticed Jorgrun
 30407 | Swamp:3  | Received a gift from Trog
 30414 | Swamp:3  | Noticed Mara
 30448 | Swamp:3  | Killed Mara
 30449 | Swamp:3  | Reached skill level 18 in Fighting
 30979 | Swamp:4  | Entered Level 4 of the Swamp
 31220 | Swamp:4  | Noticed a thorn hunter
 31230 | Swamp:4  | Killed a thorn hunter
 31245 | Swamp:4  | Noticed a thorn hunter
 31263 | Swamp:4  | Killed a thorn hunter
 31264 | Swamp:4  | Reached XP level 17. HP: 84/165 MP: 16/16
 31753 | Swamp:4  | Identified the +5 glaive of Fragile Peace {heavy, rF+ Str+3
                  | Dex+2}
 31900 | Swamp:4  | Noticed Donald
 31914 | Swamp:4  | Killed Donald
 32734 | Swamp:4  | Noticed the 27-headed Lernaean hydra
 32744 | Swamp:4  | Killed the 25-headed Lernaean hydra
 33144 | Swamp:4  | Got a decaying rune of Zot
 33333 | Snake:1  | Entered Level 1 of the Snake Pit
 33420 | Snake:1  | Reached skill level 19 in Fighting
 33913 | Snake:1  | Found a runed translucent gate.
 33913 | Snake:1  | Found a runed translucent gate.
 33913 | Snake:1  | Found a runed translucent gate.
 34021 | Snake:1  | Reached skill level 15 in Armour
 34934 | Snake:2  | Received a gift from Trog
 36895 | Snake:4  | Entered Level 4 of the Snake Pit
 36936 | Snake:4  | Reached XP level 18. HP: 178/178 MP: 17/17
 37110 | Snake:4  | Reached skill level 20 in Fighting
 37410 | Snake:4  | Received a gift from Trog
 37711 | Snake:4  | Reached skill level 1 in Shields
 38088 | Snake:4  | Reached skill level 5 in Shields
 40491 | Snake:4  | Reached skill level 10 in Shields
 40618 | Snake:4  | Got a serpentine rune of Zot
 40919 | Vaults:1 | Entered Level 1 of the Vaults
 40935 | Vaults:1 | Identified the +3 short sword of Ittimut {flame, +Blink
                  | rElec rF+ Int-3}
 41158 | Vaults:1 | Received a gift from Trog
 42044 | Vaults:1 | Received a gift from Trog
 42137 | Vaults:1 | Found the +3 crown of Dyrovepreva {rElec Int+2 SInv}
 42737 | Vaults:1 | Reached XP level 19. HP: 182/185 MP: 18/18
 43266 | Vaults:1 | Paralysed by a formless jellyfish for 1 turns
 43854 | Vaults:2 | Received a gift from Trog
 43875 | Vaults:2 | Reached skill level 15 in Shields
 45207 | Vaults:2 | Received a gift from Trog
 45993 | Vaults:2 | Found a staircase to the Crypt.
 45993 | Vaults:2 | Found a basalt altar of Yredelemnul.
 46019 | Vaults:2 | Found an ancient bone altar of Kikubaaqudgha.
 46604 | Vaults:3 | Identified the +2 longbow "Haimn" {heavy, rPois rF+ rN+}
 46651 | Vaults:3 | Received a gift from Trog
 46965 | Vaults:2 | Reached skill level 21 in Fighting
 47281 | Vaults:3 | Reached XP level 20. HP: 197/197 MP: 19/19
 47867 | Vaults:3 | Received a gift from Trog
 48448 | Vaults:4 | Reached skill level 15 in Throwing
 49823 | Vaults:4 | Received a gift from Trog
 50595 | Vaults:5 | Entered Level 5 of the Vaults
 50596 | Vaults:5 | Noticed an ancient lich
 50951 | Vaults:4 | Received a gift from Trog
 51964 | Vaults:5 | Identified the +4 morningstar of Excruciating Pain {chaos,
                  | *Rage rC+ Int+3 Dex+6}
 52039 | Vaults:5 | Identified the +3 eveningstar of Zinetzie {heavy, rN+
                  | Will+}
 52039 | Vaults:5 | Killed from afar by a shadow dragon

Illustrated notes

Levels and vault maps discovered:
D:1:      dpeg_arrival_brainrot, layout_basic
D:2:      layout_loops_ring, uniq_robin, uniq_terence
D:3:      layout_loops_ring
D:4:      layout_loops_ring, uniq_pikel
D:5:      layout_basic, uniq_prince_ribbit1
D:6:      layout_basic, minmay_temple_entry_junction, serial_library,
          serial_library_hellmonk_statue_hall,
          serial_library_hellmonk_small_corner,
          serial_library_hellmonk_big_corner, serial_library_hellmonk_hallway_a,
          serial_library_hellmonk_angled_corner,
          serial_library_hellmonk_double_dead_end,
          serial_library_hellmonk_open_square, biasface_ghost_orc_armoury,
          minmay_misc_feat_five, mrwooster_statue_mirror, reono_crystal_passage
D:7:      layout_gridville, feat_on_display, uniq_crazy_yiuf_cottage
D:8:      layout_loops_corners, nicolae_overflow_quartered_altars,
          enter_bailey_3, serial_shops, nicolae_inconvenience_store, uniq_maggie
D:9:      layout_basic, david_lair_shrubbed
D:10:     layout_rooms, orc_david_3, hangedman_stone_soup, minmay_checkerbox
D:11:     layout_loops_ring, serial_shops, nicolae_shop_real_fake_doors,
          hangedman_decor_push
D:12:     layout_long_grid, minmay_between
D:13:     layout_stronghold, erik_vaults_2, enter_trove_1,
          minmay_increasing_density
D:14:     minmay_octagon_keep, layout_basic, chequers_serial_rivers_micro_d
D:15:     gammafunk_depths_entry_grave, layout_loops_corners,
          hangedman_glass_teeth, uniq_josephine, uniq_nessos
Temple:   compressed_dpeg_circular_temple
Lair:1:   layout_gridlike
Lair:2:   layout_regular_city, guppyfry_snake_entry_island,
          ebering_ghost_funeral_grove, nicolae_lair_run_with_the_wolves
Lair:3:   layout_cave_pods, palyth_hydra_swamp_entry
Lair:4:   layout_cave_pods, nicolae_slime_entry_slimehenge, lemuel_fruit_fields
Lair:5:   cheibrodos_lair_end_hotspot, layout_regular_city, serial_bayou_shore_a
Swamp:1:  nicolae_swamp_standing_stones, layout_basic_swamp,
          nicolae_swamp_little_swirl
Swamp:2:  layout_basic_swamp, evilmike_swamp_ruin_house_5,
          nicolae_swamp_fairy_circle, swamp_pool_1_2, infiniplex_staircase_pool
Swamp:3:  layout_basic_swamp, evilmike_swamp_ruin_house_4, uniq_jorgrun,
          uniq_louise, uniq_mara
Swamp:4:  swamp_old_school, layout_basic_swamp, uniq_donald
Snake:1:  layout_basic, nicolae_snake_horde_hoard
Snake:2:  layout_rooms
Snake:3:  layout_cave_shapes, nicolae_snake_omega
Snake:4:  grunt_snake_rune_pools, layout_onion_interference
Orc:1:    layout_caves, serial_shops, shop, kennysheep_orc_sif_temple
Orc:2:    grunt_orc_tribal_feast, layout_diamond_mine, basic_altar
Vaults:1: grunt_vaults_diagonal, vaults_dpeg_hooks,
          nicolae_vaults_more_shelving_1, vaults_standard_mumra_lines,
          nicolae_vaults_diffraction_hallways, vaults_mumra_minichess,
          v_alt_pattern_3, nicolae_vaults_storage_closets_3,
          nicolae_vaults_closet_pinwheel_4, v_misc_3, v_misc_13,
          nicolae_vaults_little_ls, layout_vaults_omnicross
Vaults:2: nicolae_vaults_turnstiles, v_alt_pattern_5,
          vaults_dpeg_emergency_exit, hangedman_vaults_nails,
          minmay_crypt_entry_necro_gods, vaults_room_boxed,
          nicolae_vaults_diagonal_hallway_6, ontoclasm_vaults_gateway,
          v_pattern_2, nicolae_vaults_mitosis, hangedman_vaults_impose,
          v_misc_24, ontoclasm_vaults_decontamination, st_lines,
          grunt_vaults_hallway_short, layout_vaults_ring
Vaults:3: ontoclasm_vaults_spin, v_misc_4, nicolae_vaults_big_ls,
          nicolae_vaults_house_3, v_misc_13, nicolae_vaults_alarming,
          hangedman_vaults_stagger, nicolae_vaults_little_squares_2, v_misc_27,
          nicolae_vaults_double_plus_1, nicolae_vaults_diamond_2,
          nicolae_vaults_tetromino_T_1, nicolae_vaults_storage_room_doors,
          nicolae_vaults_asterisk, layout_vaults_maze_snakey
Vaults:4: nicolae_vaults_network_square, grunt_vaults_trifunnel,
          v_alt_pattern_2, nicolae_vaults_offset_grid_hallway_1,
          ontoclasm_vaults_hangar, nicolae_vaults_mini_display_case, v_misc_23,
          nicolae_vaults_tangram_2, nicolae_vaults_tangram_1,
          layout_vaults_chaotic_city
Vaults:5

Skill      XL: |  1  2  3  4  5  6  7  8  9 10 11 12 13 14 15 16 17 18 19 20 |
---------------+-------------------------------------------------------------+-----
Axes           | 4 5 6 7 8 10 12 14 15 17 18 19 20 | 20.0
Fighting       | 4 5 6 7 9 10 11 13 14 16 18 19 20 21 | 21.9
Armour         | 3 4 5 6 7 9 10 11 12 13 16 17 18 | 18.7
Evocations     | 3 5 7 8 10 11 12 | 12.5
Dodging        | 4 5 7 10 | 10.0
Throwing       | 6 8 11 13 14 15 | 15.7
Shields        | 13 15 | 15.0

Action                     |  1- 3 |  4- 6 |  7- 9 | 10-12 | 13-15 | 16-18 | 19-21 || total
---------------------------+-------+-------+-------+-------+-------+-------+-------++-------
  Melee: Hand axe          |    65 |    41 |       |       |       |       |       ||   106
         Punch             |     1 |     1 |     2 |       |       |       |       ||     4
         Headbutt          |     3 |    18 |    41 |    89 |   171 |   362 |   299 ||   983
         War axe           |       |    62 |   214 |       |       |       |       ||   276
         Battleaxe         |       |       |     3 |   490 |   732 |   889 |       ||  2114
         Broad axe         |       |       |       |       |       |   435 |   965 ||  1400
  Throw: Throwing net      |       |       |     1 |       |       |       |       ||     1
         Boomerang         |       |       |       |       |       |     2 |       ||     2
 Invoke: Berserk           |     1 |     1 |     1 |     2 |     4 |    16 |     4 ||    29
         Brothers in Arms  |       |       |       |       |     1 |     3 |     2 ||     6
         Trog's Hand       |       |       |       |       |       |     4 |     2 ||     6
  Evoke: Wand              |       |       |     2 |     5 |       |    10 |       ||    17
    Use: Scroll            |       |       |    14 |     5 |    10 |    14 |    13 ||    56
         Potion            |       |       |       |     2 |     2 |    19 |    15 ||    38
   Stab: Paralysed         |       |       |     2 |     5 |       |       |       ||     7
         Invisible         |       |       |       |     1 |       |     2 |     4 ||     7
         Distracted        |       |       |       |       |     1 |       |       ||     1
 Armour: Animal skin       |    13 |       |       |       |       |       |       ||    13
         Plate armour      |    51 |    74 |   158 |    34 |   355 |  1320 |   597 ||  2589
         Chain mail        |       |       |       |   416 |   306 |       |       ||   722
  Dodge: Dodged            |    28 |    45 |    75 |   236 |   343 |   574 |   256 ||  1557
  Block: Kite shield       |       |       |       |       |       |   230 |   569 ||   799
         Reflection        |       |       |       |       |       |    35 |    30 ||    65
